 Dungeon Crawl Stone Soup version 0.29.1-12-g30fa7ad0bf (webtiles) character file.

Game seed: 15458006680455620653

296 FaviusArthum the Conjurer (level 6, 0/32 HPs)
             Began as a Deep Elf Conjurer on Jan 10, 2023.
             Succumbed to an adder's poison
             ... in the Ecumenical Temple.
             The game lasted 00:21:29 (5466 turns).

FaviusArthum the Conjurer (Deep Elf Conjurer)       Turns: 5466, Time: 00:21:30

Health: 0/32       AC:  2    Str:  2 (4)  XL:     6   Next: 12%
Magic:  1/16       EV: 27    Int: 24 (25) God:
Gold:   226        SH:  0    Dex: 10 (13) Spells: 7/15 levels left

rFire   . . .      SeeInvis .   n - +1 rapier
rCold   . . .      Faith    .   (no shield)
rNeg    . . .      Spirit   .   a - +0 robe
rPois   .          Reflect  .   (no helmet)
rElec   .          Harm     .   (no cloak)
rCorr   .          Rampage  .   (no gloves)
Will    +....                   (no boots)
Stlth   ++........              e - amulet of the acrobat
HPRegen 0.10/turn               i - ring of willpower
MPRegen 0.15/turn               u - ring of flight

@: lethally poisoned (0 -> -1), acrobatic, flying
A: no striking features
a: no special abilities


You were in the Ecumenical Temple.
You visited 2 branches of the dungeon, and saw 5 of its levels.

You collected 226 gold pieces.

Inventory:

Hand Weapons
 c - a +0 hand axe
 d - a +0 dagger
 f - a +0 hand axe
 n - a +1 rapier (weapon)
 r - a +0 war axe
 z - a +0 morningstar
Armour
 a - a +0 robe (worn)
Jewellery
 e - an amulet of the acrobat (around neck)
 i - a ring of willpower (left hand)
 q - a +4 ring of evasion
 u - a ring of flight (right hand)
Wands
 h - a wand of paralysis (11)
 v - a wand of light (8)
Scrolls
 j - a scroll of vulnerability
 k - a scroll of fear
 o - a scroll of teleportation
 p - a scroll of butterflies
 t - 3 scrolls of enchant weapon
 y - a scroll of identify
Potions
 b - a potion of magic
 g - a potion of berserk rage {unknown}
 l - a potion of flight {unknown}
 m - a potion of degeneration
 s - 2 potions of curing {unknown}
 w - a potion of cancellation {unknown}
 x - a potion of attraction {unknown}


   Skills:
 + Level 2.8 Dodging
 + Level 3.6 Stealth
 + Level 5.4 Spellcasting
 + Level 6.2 Conjurations
 + Level 1.3 Summonings
 + Level 0.6 Earth Magic


You had 7 spell levels left.
You knew the following spells:

 Your Spells              Type           Power      Damage    Failure   Level
a - Magic Dart            Conj           100%       1d8       1%          1
b - Searing Ray           Conj           72%        2d7       1%          2
c - Call Imp              Summ           13%        N/A       8%          2
d - Stone Arrow           Conj/Erth      46%        3d9       6%          3

Your spell library contained the following spells:

 Spells                   Type           Power      Damage    Failure   Level
 Dazzling Flash           Conj/Hex       42%        N/A       7%          3
 Mephitic Cloud           Conj/Pois/Air  16%        N/A       11%         3
 Fulminant Prism          Conj/Hex       10%        3d9       22%         4
 Iskenderun's Mystic Bla  Conj/Tloc      21%        2d6       22%         4
 Animate Armour           Summ/Erth      22%        N/A       50%         4
 Starburst                Conj/Fire      10%        6d5       98%         6
 Lehudib's Crystal Spear  Conj/Erth      11%        10d4      100%        8


Dungeon Overview and Level Annotations

Branches:
Dungeon (4/15)             Temple (1/1) D:4

Altars:
Ashenzari
Dithmenos
Elyvilon
Hepliaklqana
Makhleb
Trog
Uskayaw
Vehumet
Yredelemnul
Zin
The Shining One


Message History

The adder poisons you!
You fly downwards.
Welcome back to the Ecumenical Temple!
* * * LOW HITPOINT WARNING * * *
You feel very sick.
There is a staircase back to the Dungeon here.
Casting: Searing Ray (safe; 1% risk of failure)
Confirm with . or Enter, or press ? or * to list all spells.
You don't have enough magic to cast this spell.
Casting: Searing Ray (safe; 1% risk of failure)
Confirm with . or Enter, or press ? or * to list all spells.
Aiming: Magic Dart (safe; 1% risk of failure)
Press: ? - help, Shift-Dir - straight line, f - adder
Aim: an adder (100% to hit)
The magic dart hits the adder.
The adder is heavily wounded.
* * * LOW HITPOINT WARNING * * *
You feel sick. The adder misses you.
Casting: Magic Dart (safe; 1% risk of failure)
Confirm with . or Enter, or press ? or * to list all spells.
Aiming: Magic Dart (safe; 1% risk of failure)
Press: ? - help, Shift-Dir - straight line, f/p - adder
Aim: an adder (heavily wounded, 100% to hit)
The magic dart hits the adder!
You kill the adder!
* * * LOW HITPOINT WARNING * * *
You feel sick.
* * * LOW HITPOINT WARNING * * *
You feel sick.
* * * LOW HITPOINT WARNING * * *
You feel sick.
There is a lethal amount of poison in your body!
There is a lethal amount of poison in your body!
* * * LOW HITPOINT WARNING * * *
You feel sick.
It was a potion of degeneration.
There was something very wrong with that liquid.
You feel weakened.
You feel dopey.
You feel clumsy.
* * * LOW HITPOINT WARNING * * *
You feel sick.
You die...

#..........#≈≈≈≈≈≈≈≈≈≈≈≈≈≈≈≈≈≈
#...._.....#≈≈≈≈≈≈≈≈≈≈≈≈≈≈≈≈≈≈
#..........#≈≈≈≈≈≈≈≈≈≈≈≈≈≈≈≈≈≈
#..........##≈≈≈≈≈≈≈≈≈≈≈≈≈≈≈≈≈
##....._....##≈≈≈≈≈≈≈≈≈≈≈≈≈≈≈#
#...........###≈≈≈≈≈≈≈≈≈≈≈###
##............####≈≈≈≈≈####..
##.......<......#######.....
##.....†..@................
###........_..........._..
###.....................
####..................
#####...........###
#############


There were no monsters in sight!

Vanquished Creatures
  A scorpion (D:4)
  A howler monkey (D:4)
  An iguana (D:4)
  2 orc wizards (D:4)
  4 adders
  2 worms (D:3)
  4 dart slugs
  8 orcs
  9 ball pythons
  5 endoplasms
  2 giant cockroaches
  7 goblins
  4 hobgoblins
  3 jackals (D:3)
  3 quokkas
  A bat (D:3)
  2 frilled lizards
  2 kobolds
  11 rats
72 creatures vanquished.

Vanquished Creatures (others)
  A plant (D:3)
1 creature vanquished.

Grand Total: 73 creatures vanquished

Notes
Turn   | Place    | Note
-------+----------+-------------------------------------------
     0 | D:1      | FaviusArthum the Deep Elf Conjurer began the quest for the
                  | Orb.
     0 | D:1      | Reached XP level 1. HP: 10/10 MP: 6/6
   411 | D:1      | Reached XP level 2. HP: 12/15 MP: 5/8
   465 | D:1      | Learned a level 2 spell: Searing Ray
   718 | D:1      | Reached skill level 5 in Conjurations
   746 | D:1      | Found a faded altar of an unknown god.
  1090 | D:1      | Learned a level 2 spell: Call Imp
  1461 | D:2      | Reached XP level 3. HP: 19/19 MP: 4/9
  1846 | D:2      | Learned a level 3 spell: Stone Arrow
  2902 | D:3      | Reached XP level 4. HP: 24/24 MP: 7/11
  4206 | D:4      | Noticed an ogre
  4238 | D:4      | Found a staircase to the Ecumenical Temple.
  4254 | D:4      | Noticed a scorpion
  4415 | D:4      | Killed a scorpion
  4416 | D:4      | Reached skill level 6 in Conjurations
  4416 | D:4      | Reached skill level 1 in Summonings
  4416 | D:4      | Reached XP level 5. HP: 28/28 MP: 7/14
  4566 | Temple   | Entered the Ecumenical Temple
  4912 | D:4      | Reached skill level 5 in Spellcasting
  5276 | D:4      | Found a broken altar of Ashenzari.
  5292 | D:4      | Reached XP level 6. HP: 32/32 MP: 8/15
  5465 | Temple   | HP: 1/32 [poisoned by an adder]
  5466 | Temple   | Succumbed to an adder's poison

Illustrated notes

Levels and vault maps discovered:
D:1:      tarquinn_simple_flora_water_d, layout_rooms,
          hellmonk_ecumenical_altar_heavens_door, minmay_rat_gold_closets
D:2:      layout_loops_ring
D:3:      layout_rooms, saegor_snake_ambush
D:4:      minmay_octagon_keep, layout_rooms, nemelex_altar_shiori,
          evilmike_ruin_ashenzari, temple_pool_b
Temple:   compressed_dpeg_circular_temple

Skill      XL: |  1  2  3  4  5 |
---------------+----------------+-----
Conjurations   | 5 6 |  6.2
Spellcasting   | 4 5 |  5.4
Stealth        | 3 |  3.6
Summonings     | 1 |  1.3
Dodging        | |  2.8
Earth Magic    | |  0.6

Action                   |  1- 3 |  4- 6 || total
-------------------------+-------+-------++-------
Melee: Dagger            |     7 |       ||     7
       Rapier            |     2 |     8 ||    10
 Cast: Magic Dart        |    27 |     2 ||    29
       Searing Ray       |    30 |    28 ||    58
       Call Imp          |     5 |       ||     5
       Stone Arrow       |     3 |    19 ||    22
  Use: Scroll            |     2 |     5 ||     7
       Potion            |       |     1 ||     1
Armor: Robe              |     1 |     3 ||     4
Dodge: Dodged            |     9 |    22 ||    31
